 Dungeon Crawl Stone Soup version 0.23-a0-435-g79ed067 (webtiles) character file.

53777 galech the Cleaver (level 14, 0/169 HPs)
             Began as a Demonspawn Fighter on Nov 14, 2018.
             Was the Champion of Okawaru.
             Slain by a manticore (5 damage)
             ... on level 15 of the Dungeon on Nov 15, 2018.
             The game lasted 00:27:44 (13213 turns).

galech the Cleaver (Demonspawn Fighter)            Turns: 13213, Time: 00:27:45

Health: 0/169      AC: 27    Str: 16    XL:     14   Next: 32%
Magic:  17/17      EV:  2    Int: 10    God:    Okawaru [******]
Gold:   1698       SH: 12    Dex: 23    Spells: 13/13 levels left

rFire    . . .     SeeInvis .   K - +3 war axe (elec)
rCold    + . .     Gourm    .   a - +1 buckler {reflect}
rNeg     + + +     Faith    .   (armour currently unavailable)
rPois    +         Spirit   .   (helmet currently unavailable)
rElec    .         Reflect  +   (cloak currently unavailable)
rCorr    .         Harm     .   (gloves currently unavailable)
MR       +....     NoTele   +   (boots unavailable)
Stlth    +++++.....             M - +3 amulet of reflection
HPRegen  0.38/turn              k - +5 ring of slaying
MPRegen  0.15/turn              V - ring of protection from cold

@: agile, tree-form, studying Staves
A: powered by pain 1
a: Heroism, Finesse, Renounce Religion


You were on level 15 of the Dungeon.
You worshipped Okawaru.
Okawaru was exalted by your worship.
You were hungry.
You were a tree.
You visited 3 branches of the dungeon, and saw 18 of its levels.
You also visited: Sewer.

You collected 1698 gold pieces.

Inventory:

Hand Weapons
 K - a +3 war axe of electrocution (weapon)
 Z - the +11 spear of a bazaar {drain, rF++}
   (You took it off a crimson imp on level 14 of the Dungeon)

   A truly terrible weapon, it drains the life of those it strikes.
   It greatly protects you from fire.
Armour
 a - a +1 buckler of reflection (worn)
 c - a +0 shield
 e - a scarf of repulsion
 n - a +1 hat of magic resistance (melded)
 s - a +0 troll leather armour (melded) {Purgy}
 G - the +1 pair of gloves "Eho Asoc" (melded) {rPois rF++ rC- Stlth+}
   (You found it on level 14 of the Dungeon)

   It greatly protects you from fire.
   It makes you vulnerable to cold.
   It protects you from poison.
   It makes you more stealthy.
 J - +0 acid dragon scales
 R - a +0 scale mail of cold resistance
 X - a +0 cloak of magic resistance (melded)
Jewellery
 k - a +5 ring of slaying (left branch)
 m - an uncursed ring of protection from magic
 o - an uncursed ring of protection from magic
 F - an uncursed ring of magical power
 M - a +3 amulet of reflection (around neck)
 V - a ring of protection from cold (right branch)
Scrolls
 b - a scroll of holy word {unknown}
 i - 3 scrolls of identify
 l - 5 scrolls of enchant armour
 p - a scroll of immolation
 q - a scroll of vulnerability {unknown}
 r - 2 scrolls of fear
 u - 7 scrolls of teleportation
 v - 5 scrolls of amnesia
 x - 10 scrolls of remove curse
 y - 3 scrolls of magic mapping
 D - a scroll of random uselessness
 E - 2 scrolls of noise
 I - 3 scrolls of enchant weapon {unknown}
 N - 3 scrolls of blinking {unknown}
 S - a scroll of fog {unknown}
Potions
 d - 4 potions of might
 g - 3 potions of lignification
 h - 2 potions of resistance {unknown}
 j - 4 potions of heal wounds {unknown}
 t - 2 potions of agility {unknown}
 w - 2 potions of cancellation {unknown}
 z - a potion of haste
 A - a potion of curing
 B - a potion of invisibility
 C - 2 potions of degeneration {unknown}
 H - 3 potions of mutation {unknown}
 L - 3 potions of berserk rage {unknown}
 Q - a potion of ambrosia {unknown}
Books
 W - a manual of Staves
Comestibles
 f - 21 rations
 O - 17 chunks of flesh


   Skills:
 + Level 11.0 Fighting
 + Level 14.9 Axes
 + Level 5.8 Armour
 + Level 7.3 Dodging
 + Level 5.8 Stealth
 + Level 10.3 Shields
 + Level 4.2 Invocations


You had 13 spell levels left.
You didn't know any spells.
Your spell library contained the following spells:

 Spells                   Type           Power        Failure   Level  Hunger
 Freeze                   Ice            #...         36%         1    ##.....
 Throw Frost              Conj/Ice       #.....       50%         2    ###....
 Ozocubu's Armour         Chrm/Ice       #.......     75%         3    ####...
 Summon Ice Beast         Ice/Summ       #.......     98%         4    #####..
 Throw Icicle             Conj/Ice       #.......     98%         4    #####..


Dungeon Overview and Level Annotations

Branches:
Dungeon (15/15) Temple (1/1) D:6 Lair (0/6) D:8 Orc (2/2) D:11 Elf (0/3) Orc:2 Vaults (0/5) D:13 D:14 Depths (0/5) D:15

Altars:
Ashenzari
Cheibriados
Dithmenos
Gozag
Hepliaklqana
Kikubaaqudgha
Makhleb
Okawaru
Qazlal
Ru
Sif Muna
Trog
Uskayaw
Vehumet
Wu Jian
Xom
Yredelemnul
Zin
The Shining One
Beogh

Shops:
D:5 }   D:7 *   D:14 !   Orc:2 !=**


Innate Abilities, Weirdness & Mutations

((You have hooves in place of feet.))
You sometimes gain a little power by taking damage.
((You are mostly covered in sharp spines.))
((Your movements are slightly less encumbered by armour. (ER -2)))


Message History

* * * LOW HITPOINT WARNING * * *
The manticore flicks its tail.
The volley of spikes hits you!
You hit the manticore.
Lightning courses through the manticore!
You kill the manticore!
Okawaru accepts your kill.
A manticore is nearby!
The manticore bites you.
* * * LOW HITPOINT WARNING * * *
The manticore claws you but does no damage. x2
You barely miss the manticore.
You carefully extract the barbed spikes from your body.
You barely miss the manticore. The manticore bites you.
* * * LOW HITPOINT WARNING * * *
The manticore claws you but does no damage. x2
You barely miss the manticore.
The manticore bites you but does no damage.
The manticore claws you.
You die...

#'## # ..# #. ..# #..
# ..# .## ##.####>
### ...W #......#
......#≈.#.≈.#
#......#..#...#
#......#.####†####
#.........#.H♣...#
#.......≈.[.≈.#..#
#.........########
#............#
#............#
##............#######
........###.........#
........# #..########
........# #..#


You could see a manticore.

Vanquished Creatures
  Gastronok (Orc:1)
  The ghost of Koes the Black Sun, a journeyman DrNe of Kikubaaqudgha (D:12)
  Nessos (D:14)
  A dire elephant (D:15)
  An ettin (D:11)
  Harold (Orc:1)
  9 two-headed ogres
  A centaur warrior (D:14)
  A tengu warrior (D:14)
  A queen ant (D:9)
  An orc high priest (Orc:1)
  Urug (D:14)
  4 unseen horrors
  5 orc knights
  An orc sorcerer (Orc:2)
  8 ugly things
  A wolf spider (D:15)
  A deep elf mage (D:12)
  3 manticores
  4 cyclopes
  A kobold demonologist (D:11)
  A tengu conjurer (D:14)
  6 trolls
  19 slime creatures
  2 shadows
  Sigmund (D:3)
  5 hippogriffs
  A spriggan (D:9)
  3 wraiths
  2 wyverns
  A centaur simulacrum (D:14)
  11 yaks (D:12)
  16 humans (D:13)
  4 hungry ghosts
  3 vampire mosquitoes (D:13)
  A basilisk (D:14)
  4 wargs
  2 soldier ants (D:9)
  3 water moccasins
  An acid dragon (D:14)
  A hornet zombie (D:12)
  Purgy (Sewer)
  2 ice beasts
  3 phantoms
  3 sky beasts
  35 orc warriors
  11 ogres
  9 centaurs
  2 crocodiles
  3 big kobolds
  Blork the orc (D:4)
  12 bullfrogs
  A wyvern zombie (D:14)
  2 scorpions
  4 killer bees (D:12)
  13 wights
  4 spriggan skeletons (D:14)
  4 electric eels
  4 howler monkeys
  7 crimson imps
  2 centaur zombies
  14 hounds
  2 quasits (D:11)
  3 bullfrog zombies
  4 bullfrog skeletons
  4 jellies
  20 orc priests
  Crazy Yiuf (D:2)
  16 orc wizards
  6 centaur skeletons
  25 worker ants
  4 iguanas
  A hound zombie (D:5)
  2 hound skeletons
  A howler monkey zombie (D:6)
  3 gnolls (D:6)
  11 adders
  4 shadow imps
  An adder skeleton (D:5)
  4 worms (D:3)
  2 dart slugs
  3 leopard geckos
  73 orcs
  7 giant cockroaches
  10 goblins
  7 hobgoblins
  16 jackals
  22 kobolds
  9 quokkas
  2 ball pythons (D:3)
  A ball python zombie (D:5)
  4 bats
  4 frilled lizards
  3 jackal skeletons
  A leopard gecko skeleton (D:4)
  A leopard gecko zombie (D:6)
  A quokka skeleton (D:5)
  5 rats
555 creatures vanquished.

Vanquished Creatures (others)
  A centaur warrior (D:14)
  A soldier ant (D:14)
  An orc warrior (Orc:2)
  7 centaurs (Orc:2)
  An orc wizard (D:8)
  4 orcs
  A kobold (D:12)
16 creatures vanquished.

Grand Total: 571 creatures vanquished

Notes
Turn   | Place    | Note
-------+----------+-------------------------------------------
     0 | D:1      | galech the Demonspawn Fighter began the quest for the Orb.
     0 | D:1      | Reached XP level 1. HP: 18/18 MP: 1/1
   131 | D:1      | Gained mutation: You are partially covered in sharp spines.
                  | [demonic ancestry]
   131 | D:1      | Reached XP level 2. HP: 24/24 MP: 2/2
   223 | D:1      | Reached skill level 2 in Axes
   761 | D:2      | Gained mutation: You have large cloven feet. [demonic
                  | ancestry]
   761 | D:2      | Reached XP level 3. HP: 29/29 MP: 3/3
  1356 | D:2      | Found a runed door.
  1436 | D:2      | Noticed Crazy Yiuf
  1439 | D:2      | Killed Crazy Yiuf
  1439 | D:2      | Reached XP level 4. HP: 35/35 MP: 4/4
  1496 | D:3      | Reached skill level 3 in Axes
  1522 | D:3      | You fall through a shaft for 3 floors!
  1522 | D:6      | Noticed a centaur
  1522 | D:6      | Noticed an ogre
  1565 | D:6      | Reached XP level 5. HP: 34/41 MP: 5/5
  1698 | D:5      | Entered Level 5 of the Dungeon
  1877 | D:6      | Reached skill level 4 in Axes
  1880 | D:6      | Killed an ogre
  1880 | D:6      | Reached XP level 6. HP: 46/47 MP: 6/6
  1983 | D:5      | Found Oclunol's Gadget Shoppe.
  2035 | D:3      | Noticed Sigmund
  2046 | D:3      | Killed Sigmund
  2046 | D:3      | Reached skill level 5 in Axes
  2046 | D:3      | Gained mutation: You have hoof-like feet. [demonic
                  | ancestry]
  2046 | D:3      | Reached XP level 7. HP: 39/53 MP: 7/7
  2115 | D:3      | Found a glowing drain.
  2129 | Sewer    | Entered a sewer
  2142 | Sewer    | Reached skill level 1 in Dodging
  2197 | Sewer    | Noticed Purgy
  2201 | Sewer    | Killed Purgy
  2316 | D:3      | Found a shattered altar of Ashenzari.
  2736 | D:4      | Noticed Blork the orc
  2744 | D:4      | Killed Blork the orc
  2791 | D:4      | Reached skill level 6 in Axes
  2875 | D:4      | Gained mutation: You sometimes gain a little power by
                  | taking damage. [demonic ancestry]
  2875 | D:4      | Reached XP level 8. HP: 23/60 MP: 8/8
  3196 | D:4      | Found a bloodstained altar of Trog.
  3473 | D:5      | Reached skill level 7 in Axes
  3883 | D:6      | Reached skill level 1 in Stealth
  3972 | D:6      | Reached skill level 5 in Shields
  4041 | D:6      | Reached skill level 5 in Fighting
  4041 | D:6      | Gained mutation: You have hooves in place of feet. [demonic
                  | ancestry]
  4041 | D:6      | Reached XP level 9. HP: 63/68 MP: 9/9
  4263 | D:6      | Found a staircase to the Ecumenical Temple.
  4272 | Temple   | Entered the Ecumenical Temple
  4276 | Temple   | Became a worshipper of Warmaster Okawaru
  4556 | D:7      | Found Qeczeq's General Store.
  4581 | D:7      | Reached skill level 8 in Axes
  4784 | D:7      | Found a glowing golden altar of the Shining One.
  4926 | D:8      | Reached * piety under Okawaru
  4972 | D:8      | Noticed a two-headed ogre
  4977 | D:8      | Killed a two-headed ogre
  4977 | D:8      | Reached skill level 9 in Axes
  4977 | D:8      | Reached skill level 5 in Armour
  5030 | D:8      | Reached ** piety under Okawaru
  5096 | D:8      | Killed an unseen horror
  5096 | D:8      | Gained mutation: Your movements are slightly less
                  | encumbered by armour. (ER -2) [demonic ancestry]
  5096 | D:8      | Reached XP level 10. HP: 14/76 MP: 10/10
  5323 | D:8      | Found a staircase to the Lair.
  5437 | D:8      | Found a snail-covered altar of Cheibriados.
  5638 | D:8      | Found a deep blue altar of Sif Muna.
  5638 | D:8      | Found a hide-covered altar of Uskayaw.
  5638 | D:8      | Found a basalt altar of Yredelemnul.
  5712 | D:9      | Reached *** piety under Okawaru
  5841 | D:9      | Noticed a queen ant
  5854 | D:9      | Killed a queen ant
  5854 | D:9      | Reached skill level 10 in Axes
  6003 | D:9      | Noticed a two-headed ogre
  6012 | D:9      | Killed a two-headed ogre
  6012 | D:9      | Reached **** piety under Okawaru
  6012 | D:9      | Reached skill level 5 in Dodging
  6294 | D:10     | Entered Level 10 of the Dungeon
  6424 | D:10     | Reached XP level 11. HP: 80/84 MP: 11/11
  6880 | D:10     | Reached ***** piety under Okawaru
  7204 | D:11     | Found a staircase to the Orcish Mines.
  7370 | D:11     | Noticed a two-headed ogre
  7378 | D:11     | Killed a two-headed ogre
  7378 | D:11     | Received a gift from Okawaru
  7378 | D:11     | Reached skill level 11 in Axes
  7410 | D:11     | Found a shimmering altar of Xom.
  7428 | D:11     | Identified the cursed +0 scale mail of Daffodils {MR++
                  | Regen+ SInv Stlth-}
  7774 | D:11     | Noticed a six-headed hydra
  7819 | Orc:1    | Entered Level 1 of the Orcish Mines
  7819 | Orc:1    | Noticed Harold
  7819 | Orc:1    | Noticed an ettin
  7824 | Orc:1    | Noticed Gastronok
  7921 | D:11     | Killed an ettin
  7921 | D:11     | Reached skill level 1 in Invocations
  7998 | Orc:1    | Killed Harold
  8011 | Orc:1    | Killed Gastronok
  8011 | Orc:1    | Received a gift from Okawaru
  8092 | Orc:1    | Noticed an orc knight
  8100 | Orc:1    | Reached skill level 12 in Axes
  8107 | Orc:1    | Killed an orc knight
  8107 | Orc:1    | Reached XP level 12. HP: 61/93 MP: 14/14
  8211 | Orc:1    | Noticed an orc high priest
  8222 | Orc:1    | Killed an orc high priest
  8233 | Orc:1    | Found a roughly hewn altar of Beogh.
  8435 | Orc:2    | Entered Level 2 of the Orcish Mines
  8439 | Orc:2    | Noticed a two-headed ogre
  8452 | Orc:2    | Killed a two-headed ogre
  8523 | Orc:1    | Upgraded the game from 0.23-a0-422-g30b1108 to
                  | 0.23-a0-435-g79ed067
  8733 | Orc:2    | Received a gift from Okawaru
  8834 | Orc:2    | Found a staircase to the Elven Halls.
  8976 | Orc:2    | Reached skill level 13 in Axes
  9274 | Orc:2    | Found Lush's Jewellery Emporium.
  9274 | Orc:2    | Found Hagrunt's Assorted Antiques.
  9276 | Orc:2    | Found Setzy's Assorted Antiques.
  9278 | Orc:2    | Found Ilecaer's Distillery.
  9478 | Orc:1    | Received a gift from Okawaru
  9749 | D:12     | Found a large runed door.
  9750 | D:12     | Found a large runed door.
  9753 | D:12     | Noticed Koes's ghost (journeyman DrNe)
 10270 | D:12     | Gained mutation: You are mostly covered in sharp spines.
                  | [demonic ancestry]
 10270 | D:12     | Reached XP level 13. HP: 62/101 MP: 15/15
 10749 | D:12     | Killed Koes's ghost
 10749 | D:12     | Received a gift from Okawaru
 10749 | D:12     | Reached skill level 5 in Stealth
 11578 | D:14     | Found a gate to the Vaults.
 11578 | D:14     | Noticed Urug
 11590 | D:13     | Reached skill level 10 in Fighting
 11620 | D:13     | Reached skill level 14 in Axes
 11721 | D:14     | Killed Urug
 11882 | D:14     | Got a pair of jewelled gloves
 11888 | D:14     | Identified the +1 pair of gloves "Eho Asoc" {rPois rF++ rC-
                  | Stlth+} (You found it on level 14 of the Dungeon)
 12111 | D:14     | Reached skill level 10 in Shields
 12211 | D:14     | Noticed Nessos
 12221 | D:14     | Killed Nessos
 12488 | D:14     | Identified the +11 spear of a bazaar {drain, rF++}
 12594 | D:14     | Found Nuck's Distillery.
 12624 | D:14     | Reached XP level 14. HP: 86/111 MP: 17/17
 12659 | D:14     | Reached ****** piety under Okawaru
 12792 | D:15     | Entered Level 15 of the Dungeon
 13148 | D:15     | Received a gift from Okawaru
 13170 | D:15     | Found a staircase to the Depths.
 13188 | D:15     | HP: 1/113 [manticore (19)]
 13210 | D:15     | HP: 7/169 [manticore (6)]
 13213 | D:15     | Slain by a manticore

Vault maps used:
D:1:      psy_arrival_whirlpool
D:2:      uniq_crazy_yiuf_cottage
D:3:      lemuel_crystal_altar, portal_sewer_entry_c, st_stairs_1, uniq_sigmund
D:4:      cheibrodos_barr_body, trog_hazing_becter, uniq_blork_the_orc
D:5:      serial_shops, shop, first_ration
D:6:      lemuel_temple_firewalk_b
D:7:      lemuel_doored_altar, serial_shops, nicolae_shop_trees
D:8:      nicolae_overflow_hidden_temple, erik_lair_orcish_takeover
D:9:      grunt_pizzeria, minmay_another_anthill
D:11:     david_orc_1_choice, basic_altar, minmay_misc_feat_chi,
          minmay_misc_feat_nine_boxes
D:12:     ebering_ghost_disaster_area
D:13:     palyth_stone_intersect, minmay_crystal_room, disabler_island
D:14:     david_vaults_3, serial_shops, shop, hangedman_tell_no_tales,
          uniq_nessos
D:15:     hangedman_depths_entry_try_elsewhere_first,
          hangedman_decor_cross_pass, nrook_campfire, kennysheep_inner_square,
          uniq_josephine
Temple:   nicolae_temple_x_marks_the_god
Orc:1:    nicolae_orc_rockfall, bh_open_orc_temple, uniq_gastronok, uniq_harold
Orc:2:    st_orc_rangers
Sewer:    kennysheep_door_sewer

Skill      XL: |  1  2  3  4  5  6  7  8  9 10 11 12 13 14 |
---------------+-------------------------------------------+-----
Armour         | 3 4 5 |  5.8
Axes           | 2 3 4 5 6 7 9 10 12 13 14 | 14.9
Shields        | 3 4 5 6 7 9 10 | 10.3
Dodging        | 1 2 4 5 6 7 |  7.3
Fighting       | 4 5 6 7 8 9 10 11 | 11.0
Stealth        | 1 2 3 4 5 |  5.8
Invocations    | 2 3 4 |  4.2

Action                   |  1- 3 |  4- 6 |  7- 9 | 10-12 | 13-15 || total
-------------------------+-------+-------+-------+-------+-------++-------
Melee: War axe           |    76 |    76 |   166 |   479 |   313 ||  1110
       Kick              |     5 |    24 |    59 |   200 |   116 ||   404
       Hand axe          |       |       |    23 |    60 |       ||    83
       Spear             |       |       |       |       |     9 ||     9
Invok: Heroism           |       |       |     1 |    10 |     5 ||    16
       Finesse           |       |       |       |     2 |     2 ||     4
  Use: Scroll            |       |     5 |     6 |     3 |     2 ||    16
       Potion            |       |       |       |       |     4 ||     4
 Stab: Sleeping          |       |       |     1 |     6 |     9 ||    16
       Distracted        |       |       |       |     4 |     2 ||     6
  Eat: Chunk             |     2 |     2 |    10 |    18 |    12 ||    44
Armor: Scale mail        |    31 |    21 |     7 |       |       ||    59
       Troll leather arm |       |       |    37 |    56 |    48 ||   141
       Skin              |       |       |       |       |     8 ||     8
Dodge: Dodged            |    19 |    24 |    67 |   228 |   153 ||   491
       Deflected         |     3 |       |     9 |     2 |       ||    14
Block: Shield            |    46 |    39 |    95 |   350 |    21 ||   551
       Reflection        |       |       |       |    82 |    22 ||   104
       Buckler           |       |       |       |       |   113 ||   113

Table legend:
 A = Non-vault XP
 B = Vault XP
 C = Vault XP percentage of total XP
 D = Non-vault monster count
 E = Vault monster count
 F = Vault count percentage of total count
                 A         B        C        D         E       F
            +---------+---------+-------+---------+---------+-------
      Total |   50678 |   26147 |  34.0 |     420 |     150 |  26.3
            +---------+---------+-------+---------+---------+-------
        D:1 |      39 |       0 |   0.0 |      23 |       0 |   0.0
        D:2 |      37 |      40 |  51.9 |      13 |       1 |   7.1
        D:3 |      42 |     251 |  85.7 |      11 |       9 |  45.0
        D:4 |     442 |     423 |  48.9 |      15 |      18 |  54.5
        D:5 |     480 |       0 |   0.0 |      13 |       0 |   0.0
        D:6 |     965 |       0 |   0.0 |      26 |       0 |   0.0
        D:7 |     687 |       0 |   0.0 |      21 |       0 |   0.0
        D:8 |    2904 |     570 |  16.4 |      26 |       8 |  23.5
        D:9 |    1827 |    1969 |  51.9 |      21 |      21 |  50.0
       D:10 |    1257 |       0 |   0.0 |      17 |       0 |   0.0
       D:11 |    4988 |     488 |   8.9 |      39 |       9 |  18.8
       D:12 |    7197 |    1537 |  17.6 |      42 |       1 |   2.3
       D:13 |    4890 |    3889 |  44.3 |      29 |      19 |  39.6
       D:14 |   10956 |    4415 |  28.7 |      38 |      11 |  22.4
       D:15 |    7692 |    2773 |  26.5 |      17 |       5 |  22.7
      Orc:1 |    2527 |    4384 |  63.4 |      37 |       5 |  11.9
      Orc:2 |    3748 |    5256 |  58.4 |      32 |      37 |  53.6
      Sewer |       0 |     152 | 100.0 |       0 |       6 | 100.0
            +---------+---------+-------+---------+---------+-------
